[Event "28th CRO-chT 1A-Men 2019"]
[Site "Mali Losinj"]
[Date "2019.10.04"]
[Round "7.1"]
[White "Grachev, Boris"]
[Black "Inarkiev, Ernesto"]
[Result "1/2-1/2"]
[ECO "D39"]
[WhiteElo "2621"]
[BlackElo "2693"]
[Annotator "ChessBase"]
[PlyCount "59"]
[EventDate "2019.09.28"]
[EventType "team-tourn"]
[EventCountry "CRO"]
[SourceTitle "playchess.com"]
[Source "ChessBase"]
[SourceQuality "1"]
[TimeControl "40/5400+30:1800+30"]

1. Nf3 Nf6 2. c4 e6 3. Nc3 d5 4. d4 dxc4 5. e4 Bb4 6. Bg5 h6 7. Bxf6 Qxf6 8. Bxc4 c5 9. O-O cxd4 10. Nb5 Qe7 11. Qxd4 O-O 12. Nxa7 Bc5 13. Nxc8 Rxc8 14. Qd3 Nc6 15. Qe2 Rd8 16. Rad1 Nd4 17. Nxd4 Rxd4 18. Rxd4 Bxd4 19. Kh1 g6 20. f4 Kg7 21. b3 Rd8 22. Qf3 b6 23. f5 exf5 24. exf5 h5 25. fxg6 fxg6 26. Qf4 Bc5 27. Qc1 Rf8 28. Qc3+ Kh6 29. Qd2+ Qg5 30. Qxg5+ 1/2-1/2

[Event "28th CRO-chT 1A-Men 2019"]
[Site "Mali Losinj"]
[Date "2019.10.04"]
[Round "7.2"]
[White "Dreev, Aleksey"]
[Black "Bosiocic, Marin"]
[Result "1-0"]
[ECO "E36"]
[WhiteElo "2662"]
[BlackElo "2619"]
[Annotator "ChessBase"]
[PlyCount "97"]
[EventDate "2019.09.28"]
[EventType "team-tourn"]
[EventCountry "CRO"]
[SourceTitle "playchess.com"]
[Source "ChessBase"]
[SourceQuality "1"]
[TimeControl "40/5400+30:1800+30"]

1. d4 Nf6 2. c4 e6 3. Nc3 Bb4 4. Qc2 d5 5. a3 Bxc3+ 6. Qxc3 O-O 7. Nf3 dxc4 8. Qxc4 b6 9. Bg5 Ba6 10. Qa4 Qd7 11. Qxd7 Nbxd7 12. Bxf6 Nxf6 13. Rc1 Rfc8 14. e3 Bb7 15. Ne5 c5 16. dxc5 bxc5 17. f3 Kf8 18. Bd3 Ke7 19. Ke2 Nd7 20. Nxd7 Kxd7 21. Rhd1 Ke7 22. Rd2 Rab8 23. e4 Rc6 24. Rc3 Rbc8 25. Rdc2 Kd6 26. Bb5 Rb6 27. Rd3+ Ke5 28. Bc4 Bc6 29. Ke3 Ba4 30. b3 Bc6 31. Rdc3 Kd6 32. Bd3 Kd7 33. e5 Bb7 34. h4 h6 35. h5 f6 36. f4 a5 37. a4 Rb4 38. Bc4 fxe5 39. fxe5 Bd5 40. Bxd5 exd5 41. Rxc5 Rxc5 42. Rxc5 Ke6 43. Rb5 Rxb5 44. axb5 Kxe5 45. Kd3 d4 46. b6 Kd6 47. b7 Kc7 48. Kxd4 Kxb7 49. Kc5 1-0

[Event "28th CRO-chT 1A-Men 2019"]
[Site "Mali Losinj"]
[Date "2019.10.04"]
[Round "7.3"]
[White "Popov, Ivan"]
[Black "Lalic, Bogdan"]
[Result "1-0"]
[ECO "B30"]
[WhiteElo "2611"]
[BlackElo "2419"]
[Annotator "ChessBase"]
[PlyCount "79"]
[EventDate "2019.09.28"]
[EventType "team-tourn"]
[EventCountry "CRO"]
[SourceTitle "playchess.com"]
[Source "ChessBase"]
[SourceQuality "1"]
[TimeControl "40/5400+30:1800+30"]

1. e4 c5 2. Nf3 Nc6 3. Bb5 e6 4. O-O Nge7 5. d4 cxd4 6. Nxd4 Nxd4 7. Qxd4 a6 8. Be2 Nc6 9. Qc3 Qf6 10. Qxf6 gxf6 11. Be3 b5 12. Nd2 Bb7 13. a4 b4 14. f4 Rg8 15. Rf2 Rc8 16. Nc4 f5 17. exf5 d5 18. Ne5 Nxe5 19. fxe5 exf5 20. Bd3 d4 21. Bxd4 Bc5 22. Bxc5 Rxc5 23. Bxf5 h6 24. Re1 Ke7 25. Be4 Bc8 26. Bd3 Rg5 27. Ref1 Be6 28. Bxa6 Rgxe5 29. b3 Re3 30. Rd2 Bf5 31. Bc4 Rc3 32. Re2+ Kf8 33. Ref2 R5xc4 34. Rxf5 Rc7 35. R1f2 Rxc2 36. Rxf7+ Rxf7 37. Rxc2 Rd7 38. Rc4 Rd1+ 39. Kf2 Rd2+ 40. Kf1 1-0

[Event "28th CRO-chT 1A-Men 2019"]
[Site "Mali Losinj"]
[Date "2019.10.04"]
[Round "7.4"]
[White "Loncar, Robert"]
[Black "Tica, Sven"]
[Result "1/2-1/2"]
[ECO "D36"]
[WhiteElo "2406"]
[BlackElo "2418"]
[Annotator "NA"]
[PlyCount "27"]
[EventDate "2019.09.28"]
[EventType "team-tourn"]
[EventCountry "CRO"]
[SourceTitle "playchess.com"]
[Source "ChessBase"]
[SourceQuality "1"]
[TimeControl "40/5400+30:1800+30"]

1. d4 d5 2. c4 e6 3. Nc3 Nf6 4. cxd5 exd5 5. Bg5 c6 6. Qc2 Be7 7. e3 Nbd7 8. Bd3 O-O 9. Nf3 Re8 10. h3 Ne4 11. Bf4 Ndf6 12. O-O Bd6 13. Bxd6 Nxd6 14. Ne5 1/2-1/2

[Event "28th CRO-chT 1A-Men 2019"]
[Site "Mali Losinj"]
[Date "2019.10.04"]
[Round "7.5"]
[White "Golubovic, Boris"]
[Black "Sale, Srdjan"]
[Result "1/2-1/2"]
[ECO "B00"]
[WhiteElo "2401"]
[BlackElo "2412"]
[Annotator "NA"]
[PlyCount "24"]
[EventDate "2019.09.28"]
[EventType "team-tourn"]
[EventCountry "CRO"]
[SourceTitle "playchess.com"]
[Source "ChessBase"]
[SourceQuality "1"]
[TimeControl "40/5400+30:1800+30"]

1. e4 c5 2. Nf3 e6 3. c3 b6 4. d4 Nf6 5. Bd3 Bb7 6. Qe2 Be7 7. O-O Nc6 8. a3 Na5 9. Nbd2 c4 10. Bc2 Qc7 11. Re1 O-O 12. Rb1 Rae8 1/2-1/2

[Event "28th CRO-chT 1A-Men 2019"]
[Site "Mali Losinj"]
[Date "2019.10.04"]
[Round "7.6"]
[White "Medak, Bojan"]
[Black "Petrov, Jole"]
[Result "1/2-1/2"]
[ECO "D13"]
[WhiteElo "2351"]
[BlackElo "2418"]
[Annotator "NA"]
[PlyCount "24"]
[EventDate "2019.09.28"]
[EventType "team-tourn"]
[EventCountry "CRO"]
[SourceTitle "playchess.com"]
[Source "ChessBase"]
[SourceQuality "1"]
[TimeControl "40/5400+30:1800+30"]

1. d4 d5 2. c4 c6 3. cxd5 cxd5 4. Nc3 Nc6 5. Bf4 Nf6 6. e3 a6 7. Bd3 e6 8. Nf3 Be7 9. O-O Nh5 10. Be5 Nxe5 11. Nxe5 Nf6 12. Rc1 O-O 1/2-1/2

[Event "28th CRO-chT 1A-Men 2019"]
[Site "Mali Losinj"]
[Date "2019.10.04"]
[Round "7.7"]
[White "Ponkratov, Pavel"]
[Black "Indjic, Aleksandar"]
[Result "0-1"]
[ECO "E01"]
[WhiteElo "2621"]
[BlackElo "2638"]
[Annotator "ChessBase"]
[PlyCount "102"]
[EventDate "2019.09.28"]
[EventType "team-tourn"]
[EventCountry "CRO"]
[SourceTitle "playchess.com"]
[Source "ChessBase"]
[SourceQuality "1"]
[TimeControl "40/5400+30:1800+30"]

1. d4 d5 2. c4 c6 3. Nf3 Nf6 4. Nc3 e6 5. g3 Nbd7 6. Bg2 dxc4 7. O-O Bd6 8. Nd2 Nb6 9. a4 a5 10. e4 e5 11. Nf3 Nbd7 12. dxe5 Nxe5 13. Bf4 Nfg4 14. h3 Nxf3+ 15. Qxf3 Ne5 16. Qe2 Nd3 17. Be3 Bb4 18. Qc2 O-O 19. Ne2 b5 20. Nd4 Qd7 21. Rfd1 Ba6 22. Nxc6 Qxc6 23. Rxd3 bxa4 24. Rd5 Bb7 25. Rdd1 Rac8 26. Rxa4 f5 27. Raa1 fxe4 28. Rd4 Rfe8 29. Rc1 c3 30. bxc3 Bc5 31. Rc4 Qd5 32. Rxc5 Rxc5 33. Bxc5 Qxc5 34. Ra1 Bd5 35. Qd2 Bb3 36. Re1 e3 37. Rxe3 Rxe3 38. fxe3 Be6 39. c4 a4 40. Bd5 Kf7 41. Qd3 g6 42. Qe4 Qd6 43. Bxe6+ Qxe6 44. Qb7+ Kf6 45. Qb2+ Qe5 46. Qb6+ Kf5 47. Kf2 Qf6 48. c5 Ke5+ 49. Ke2 Qxb6 50. cxb6 Kd6 51. Kd3 Ke5 0-1

[Event "28th CRO-chT 1A-Men 2019"]
[Site "Mali Losinj"]
[Date "2019.10.04"]
[Round "7.8"]
[White "Sertic, Rudolf"]
[Black "Martinovic, Sasa"]
[Result "1/2-1/2"]
[ECO "E40"]
[WhiteElo "2371"]
[BlackElo "2539"]
[Annotator "ChessBase"]
[PlyCount "112"]
[EventDate "2019.09.28"]
[EventType "team-tourn"]
[EventCountry "CRO"]
[SourceTitle "playchess.com"]
[Source "ChessBase"]
[SourceQuality "1"]
[TimeControl "40/5400+30:1800+30"]

1. d4 Nf6 2. c4 e6 3. Nc3 Bb4 4. Nf3 Bxc3+ 5. bxc3 d6 6. e3 O-O 7. Bd3 Re8 8. O-O Nc6 9. e4 e5 10. Re1 Bg4 11. Bb2 Nd7 12. h3 Bh5 13. g4 Bg6 14. Nd2 Ne7 15. d5 Nc5 16. Bc2 Nc8 17. Qe2 Nb6 18. Ba3 Nbd7 19. Qe3 h5 20. Bxc5 Nxc5 21. Nb3 Nd7 22. Kg2 a5 23. Nc1 c6 24. Rb1 Qc7 25. Rb2 a4 26. a3 Rec8 27. Ne2 cxd5 28. cxd5 Qc5 29. Qxc5 Nxc5 30. f3 Kf8 31. Rb4 f6 32. Kf2 Ke7 33. Reb1 hxg4 34. hxg4 Be8 35. Rh1 Bd7 36. Rh7 Kf7 37. Rb6 Rh8 38. Rxh8 Rxh8 39. Kg2 Ke7 40. Ng3 g6 41. Nf1 Be8 42. Ne3 Kd7 43. c4 Kc7 44. Rb1 Bd7 45. Kg3 Rh7 46. Kg2 Rh8 47. Kg3 Rh7 48. Kg2 b6 49. Rf1 g5 50. Rb1 Kb7 51. Rb4 Ka6 52. Nd1 Rh8 53. Nc3 Ka5 54. Rb1 Ka6 55. Kg3 Ka5 56. Kg2 Ka6 1/2-1/2

[Event "28th CRO-chT 1A-Men 2019"]
[Site "Mali Losinj"]
[Date "2019.10.04"]
[Round "7.9"]
[White "Cvitan, Ognjen"]
[Black "Biti, Ozren"]
[Result "1/2-1/2"]
[ECO "C41"]
[WhiteElo "2490"]
[BlackElo "2366"]
[Annotator "ChessBase"]
[PlyCount "39"]
[EventDate "2019.09.28"]
[EventType "team-tourn"]
[EventCountry "CRO"]
[SourceTitle "playchess.com"]
[Source "ChessBase"]
[SourceQuality "1"]
[TimeControl "40/5400+30:1800+30"]

1. d4 d6 2. e4 Nf6 3. Nc3 e5 4. Nf3 Nbd7 5. Bc4 Be7 6. a4 O-O 7. O-O a5 8. h3 c6 9. Re1 exd4 10. Qxd4 Nb6 11. Ba2 Nfd7 12. Bf4 Nc5 13. Rad1 Be6 14. Bxd6 Qxd6 15. Qxd6 Bxd6 16. Bxe6 fxe6 17. Rxd6 Nbxa4 18. Nxa4 Nxa4 19. b3 Nc5 20. Ne5 1/2-1/2

[Event "28th CRO-chT 1A-Men 2019"]
[Site "Mali Losinj"]
[Date "2019.10.04"]
[Round "7.10"]
[White "Ascic, Pero"]
[Black "Rogic, Davor"]
[Result "0-1"]
[ECO "C60"]
[WhiteElo "2318"]
[BlackElo "2492"]
[Annotator "ChessBase"]
[PlyCount "80"]
[EventDate "2019.09.28"]
[EventType "team-tourn"]
[EventCountry "CRO"]
[SourceTitle "playchess.com"]
[Source "ChessBase"]
[SourceQuality "1"]
[TimeControl "40/5400+30:1800+30"]

1. e4 e5 2. Nf3 Nc6 3. Bb5 a6 4. Ba4 Nge7 5. O-O g6 6. c3 b5 7. Bb3 Bg7 8. a4 Bb7 9. Qe2 O-O 10. Re1 b4 11. a5 h6 12. Rd1 d5 13. d3 Kh7 14. Nbd2 Rb8 15. c4 dxe4 16. dxe4 Qd6 17. Nf1 Nd4 18. Nxd4 exd4 19. Bc2 Qc5 20. Bd3 Nc6 21. Bf4 Rbc8 22. Qc2 Nxa5 23. Nd2 Rfe8 24. Bg3 Re6 25. f3 h5 26. Qa4 Nc6 27. Nb3 Qg5 28. Re1 h4 29. Bf2 Ne5 30. Be2 c5 31. Nc1 f5 32. Nd3 Nxf3+ 33. Bxf3 fxe4 34. Be2 exd3 35. Bf1 Rcc6 36. Rxe6 Rxe6 37. Qd7 Re7 38. Qh3 d2 39. Rd1 Bh6 40. Qxh4 Qxh4 0-1

[Event "28th CRO-chT 1A-Men 2019"]
[Site "Mali Losinj"]
[Date "2019.10.04"]
[Round "7.11"]
[White "Kovacevic, Vlatko"]
[Black "Drmic, Tomislav"]
[Result "1-0"]
[ECO "A84"]
[WhiteElo "2471"]
[BlackElo "2224"]
[Annotator "ChessBase"]
[PlyCount "85"]
[EventDate "2019.09.28"]
[EventType "team-tourn"]
[EventCountry "CRO"]
[SourceTitle "playchess.com"]
[Source "ChessBase"]
[SourceQuality "1"]
[TimeControl "40/5400+30:1800+30"]

1. d4 d5 2. Bf4 e6 3. e3 f5 4. c4 Nf6 5. Nc3 Bd6 6. Bxd6 Qxd6 7. Nf3 O-O 8. Bd3 c6 9. O-O Ne4 10. Qb3 Kh8 11. a4 Nd7 12. a5 Rb8 13. Qa3 Ndf6 14. Ne5 Qxa3 15. Rxa3 Nd6 16. Rb3 dxc4 17. Bxc4 Nxc4 18. Nxc4 b6 19. Ne5 c5 20. dxc5 Ba6 21. Rd1 bxc5 22. Rxb8 Rxb8 23. Rd6 Bb7 24. Rxe6 h6 25. f3 Bd5 26. Rd6 Bg8 27. Rc6 Rxb2 28. Rxc5 Rc2 29. Ne4 Rxc5 30. Nxc5 Bd5 31. Kf2 Kg8 32. Ke2 Kf8 33. Kd3 Ke7 34. Kd4 Kd6 35. Ncd3 Ne8 36. Nb4 Bb7 37. Nc4+ Ke6 38. Nd3 Ba8 39. Nf4+ Kf6 40. Nd5+ Ke6 41. e4 g5 42. Kc5 Kd7 43. exf5 1-0

[Event "28th CRO-chT 1A-Men 2019"]
[Site "Mali Losinj"]
[Date "2019.10.04"]
[Round "7.12"]
[White "Vargic, Drago"]
[Black "Muse, Mladen"]
[Result "1/2-1/2"]
[ECO "B15"]
[WhiteElo "2273"]
[BlackElo "2387"]
[Annotator "NA"]
[PlyCount "26"]
[EventDate "2019.09.28"]
[EventType "team-tourn"]
[EventCountry "CRO"]
[SourceTitle "playchess.com"]
[Source "ChessBase"]
[SourceQuality "1"]
[TimeControl "40/5400+30:1800+30"]

1. e4 g6 2. d4 Bg7 3. Nc3 c6 4. Nf3 d5 5. exd5 cxd5 6. Bf4 Nf6 7. Qd2 O-O 8. Bh6 Nc6 9. Bxg7 Kxg7 10. Ne5 Be6 11. f3 Rc8 12. Bb5 Nxe5 13. dxe5 Nd7 1/2-1/2

[Event "28th CRO-chT 1A-Men 2019"]
[Site "Mali Losinj"]
[Date "2019.10.04"]
[Round "7.13"]
[White "Saric, Ibro"]
[Black "Georgiev, Kiril"]
[Result "1/2-1/2"]
[ECO "E61"]
[WhiteElo "2564"]
[BlackElo "2577"]
[Annotator "ChessBase"]
[PlyCount "64"]
[EventDate "2019.09.28"]
[EventType "team-tourn"]
[EventCountry "CRO"]
[SourceTitle "playchess.com"]
[Source "ChessBase"]
[SourceQuality "1"]
[TimeControl "40/5400+30:1800+30"]

1. d4 Nf6 2. c4 g6 3. Nf3 Bg7 4. e3 O-O 5. Be2 c5 6. d5 d6 7. Nc3 e6 8. O-O exd5 9. cxd5 Re8 10. Nd2 Nbd7 11. e4 a6 12. a4 Qc7 13. Qc2 Ne5 14. h3 Rb8 15. f4 Ned7 16. Kh1 c4 17. e5 dxe5 18. Nxc4 Nh5 19. Bxh5 Qxc4 20. Be2 Qc7 21. fxe5 Nxe5 22. Qb3 Bf5 23. Bf4 Qe7 24. Rad1 Rbd8 25. d6 Rxd6 26. Rxd6 Qxd6 27. Qxb7 Bc8 28. Qa7 Qe6 29. Qc7 h6 30. Rd1 Kh7 31. Bf1 Qf5 32. Bh2 Qe6 1/2-1/2

[Event "28th CRO-chT 1A-Men 2019"]
[Site "Mali Losinj"]
[Date "2019.10.04"]
[Round "7.14"]
[White "Shchekachev, Andrei"]
[Black "Saric, Ante"]
[Result "1/2-1/2"]
[ECO "A30"]
[WhiteElo "2524"]
[BlackElo "2557"]
[Annotator "ChessBase"]
[PlyCount "22"]
[EventDate "2019.09.28"]
[EventType "team-tourn"]
[EventCountry "CRO"]
[SourceTitle "playchess.com"]
[Source "ChessBase"]
[SourceQuality "1"]
[TimeControl "40/5400+30:1800+30"]

1. Nf3 Nf6 2. c4 b6 3. g3 c5 4. Bg2 Bb7 5. O-O g6 6. d4 cxd4 7. Qxd4 Bg7 8. Nc3 d6 9. Rd1 Nbd7 10. b3 Rc8 11. Bb2 O-O 1/2-1/2

[Event "28th CRO-chT 1A-Men 2019"]
[Site "Mali Losinj"]
[Date "2019.10.04"]
[Round "7.15"]
[White "Galyas, Miklos"]
[Black "Muse, Drazen"]
[Result "1-0"]
[ECO "A13"]
[WhiteElo "2476"]
[BlackElo "2357"]
[Annotator "ChessBase"]
[PlyCount "73"]
[EventDate "2019.09.28"]
[EventType "team-tourn"]
[EventCountry "CRO"]
[SourceTitle "playchess.com"]
[Source "ChessBase"]
[SourceQuality "1"]
[TimeControl "40/5400+30:1800+30"]

1. c4 g6 2. g3 Bg7 3. Bg2 e6 4. Nf3 Ne7 5. O-O O-O 6. d4 d5 7. Nc3 Nbc6 8. cxd5 exd5 9. b3 Re8 10. Bb2 Nf5 11. e3 Nce7 12. Ne1 c6 13. Nd3 h5 14. Re1 Nd6 15. Rc1 Nef5 16. Ne5 Bh6 17. Rc2 Kh7 18. e4 dxe4 19. Nxe4 Be6 20. d5 Bxd5 21. Nxc6 Bxe4 22. Nxd8 Bxc2 23. Rxe8 Nxe8 24. Qd7 Nfd6 25. Nxf7 Nxf7 26. Qxf7+ Ng7 27. Bxb7 Rd8 28. Bd5 Bf5 29. Kg2 a5 30. h3 Rc8 31. a3 Rd8 32. b4 axb4 33. axb4 Rxd5 34. Qxd5 Ne6 35. Qa8 Bf8 36. b5 g5 37. Qe8 1-0

[Event "28th CRO-chT 1A-Men 2019"]
[Site "Mali Losinj"]
[Date "2019.10.04"]
[Round "7.16"]
[White "Zovko, Mario"]
[Black "Plenca, Julijan"]
[Result "0-1"]
[ECO "D01"]
[WhiteElo "2324"]
[BlackElo "2423"]
[Annotator "NA"]
[PlyCount "116"]
[EventDate "2019.09.28"]
[EventType "team-tourn"]
[EventCountry "CRO"]
[SourceTitle "playchess.com"]
[Source "ChessBase"]
[SourceQuality "1"]
[TimeControl "40/5400+30:1800+30"]

1. d4 Nf6 2. Nc3 e6 3. Bg5 c5 4. e3 d5 5. Nf3 Be7 6. Bd3 O-O 7. O-O Nc6 8. a3 c4 9. Be2 b5 10. Ne5 Nxe5 11. dxe5 Nd7 12. Bxe7 Qxe7 13. f4 Rb8 14. Bf3 Rd8 15. Ne2 Rb6 16. Qe1 f6 17. exf6 Nxf6 18. Qg3 Bd7 19. Nd4 Re8 20. Rad1 a5 21. Qg5 c3 22. b3 h6 23. Qe5 Qxa3 24. Ra1 Qb4 25. g4 Qd6 26. Qxd6 Rxd6 27. Rxa5 b4 28. g5 hxg5 29. fxg5 Nh7 30. h4 Nf8 31. Bh5 g6 32. Bf3 Kh8 33. Be2 e5 34. Nf3 Bf5 35. Ne1 d4 36. exd4 Rxd4 37. Kf2 e4 38. Rxf5 e3+ 39. Kg3 gxf5 40. Rxf5 Rd2 41. Bb5 Red8 42. Rf3 R2d5 43. Be2 Re8 44. Bd3 Nd7 45. g6 Re7 46. Rf4 Nc5 47. Bc4 Rd1 48. Nf3 Kg7 49. Be2 Rd6 50. h5 Ne4+ 51. Kh4 Rf6 52. Rg4 Rf5 53. Nd4 Rf2 54. Kh3 Re5 55. Rg1 Nf6 56. Ra1 Nxh5 57. Ra7+ Kxg6 58. Bd3+ Kg5 0-1

[Event "28th CRO-chT 1A-Men 2019"]
[Site "Mali Losinj"]
[Date "2019.10.04"]
[Round "7.17"]
[White "Bobanac, Miro"]
[Black "Sindik, Ervin"]
[Result "1/2-1/2"]
[ECO "A36"]
[WhiteElo "2257"]
[BlackElo "2283"]
[Annotator "NA"]
[PlyCount "28"]
[EventDate "2019.09.28"]
[EventType "team-tourn"]
[EventCountry "CRO"]
[SourceTitle "playchess.com"]
[Source "ChessBase"]
[SourceQuality "1"]
[TimeControl "40/5400+30:1800+30"]

1. Nf3 g6 2. g3 Bg7 3. Bg2 c5 4. O-O Nc6 5. c4 e6 6. Nc3 Nge7 7. e3 O-O 8. d4 cxd4 9. Nxd4 d5 10. cxd5 Nxd4 11. exd4 Nxd5 12. Nxd5 exd5 13. Be3 Be6 14. Qb3 Qd7 1/2-1/2

[Event "28th CRO-chT 1A-Men 2019"]
[Site "Mali Losinj"]
[Date "2019.10.04"]
[Round "7.18"]
[White "Zivkovic, Nikola"]
[Black "Brulic, Denis"]
[Result "1-0"]
[ECO "B13"]
[WhiteElo "2139"]
[BlackElo "2230"]
[Annotator "NA"]
[PlyCount "143"]
[EventDate "2019.09.28"]
[EventType "team-tourn"]
[EventCountry "CRO"]
[SourceTitle "playchess.com"]
[Source "ChessBase"]
[SourceQuality "1"]
[TimeControl "40/5400+30:1800+30"]

1. e4 c6 2. d4 d5 3. exd5 cxd5 4. c4 Nf6 5. Nf3 Nc6 6. Nc3 Be6 7. c5 g6 8. h3 Bg7 9. Bb5 O-O 10. O-O Ne4 11. Bxc6 bxc6 12. Qa4 Qc7 13. Ne2 f6 14. Re1 Bf5 15. Qa3 e5 16. Nh4 Bd7 17. Be3 Ng5 18. dxe5 Ne6 19. exf6 Bxf6 20. Nf3 Rab8 21. Rab1 Rb7 22. b3 g5 23. Qc1 h6 24. Qd2 Bc8 25. Rbc1 a5 26. Nfd4 Ng7 27. Qd3 Be5 28. Bd2 Ra7 29. Ng3 Bd7 30. Bc3 Bf4 31. Rcd1 Bxg3 32. fxg3 Bf5 33. Nxf5 Nxf5 34. Be5 Qh7 35. Re2 Re7 36. g4 Nh4 37. Qd2 Rfe8 38. Rde1 Re6 39. Bc3 Re4 40. Rxe4 Rxe4 41. Rf1 Qe7 42. Rf2 Qxc5 43. Kh2 Qd6+ 44. g3 d4 45. Qd3 Re3 46. Qc4+ Qd5 47. Qxd5+ cxd5 48. Bxa5 Nf3+ 49. Kg2 Ne5 50. Bb6 Re4 51. Rd2 Nc6 52. a4 Re3 53. b4 Nxb4 54. Rxd4 Rb3 55. Rd2 Kf7 56. Bc5 Ke6 57. Bf8 Kf6 58. a5 Kg6 59. Bxb4 Rxb4 60. Rxd5 Ra4 61. Rd6+ Kg7 62. a6 Ra2+ 63. Kf3 Ra3+ 64. Ke4 Ra5 65. Kd4 Ra3 66. Kc5 Rxg3 67. a7 Ra3 68. Kb6 Rb3+ 69. Kc7 Ra3 70. Kb7 Rb3+ 71. Rb6 Ra3 72. a8=Q 1-0

[Event "28th CRO-chT 1A-Men 2019"]
[Site "Mali Losinj"]
[Date "2019.10.04"]
[Round "7.19"]
[White "Kryvoruchko, Yuriy"]
[Black "Fedorchuk, Sergey A."]
[Result "1-0"]
[ECO "E16"]
[WhiteElo "2669"]
[BlackElo "2619"]
[Annotator "ChessBase"]
[PlyCount "81"]
[EventDate "2019.09.28"]
[EventType "team-tourn"]
[EventCountry "CRO"]
[SourceTitle "playchess.com"]
[Source "ChessBase"]
[SourceQuality "1"]
[TimeControl "40/5400+30:1800+30"]

1. d4 Nf6 2. c4 e6 3. Nf3 b6 4. g3 Bb4+ 5. Bd2 a5 6. Bg2 Bb7 7. O-O O-O 8. Bf4 Be7 9. Qc2 Be4 10. Qc1 Bb7 11. Nc3 Ne4 12. Nb5 Na6 13. Ng5 d5 14. Nxe4 dxe4 15. Rd1 f5 16. d5 exd5 17. cxd5 Bxd5 18. Nxc7 Nxc7 19. Bxc7 Qd7 20. Bxb6 Qe6 21. Qd2 Bb3 22. axb3 Qxb6 23. Qd5+ Kh8 24. e3 Bf6 25. Rab1 g6 26. Rdc1 Rad8 27. Rc6 Qb7 28. Qe6 Rde8 29. Qc4 Rc8 30. Rc5 Rxc5 31. Qxc5 Qb4 32. Qd5 Rd8 33. Qf7 Qe7 34. Qc4 Qb4 35. Qa6 Bg7 36. Bf1 Qxb3 37. Qxa5 Rb8 38. Qc7 Bxb2 39. Rd1 Bg7 40. Rd7 Qg8 41. Rxg7 1-0

[Event "28th CRO-chT 1A-Men 2019"]
[Site "Mali Losinj"]
[Date "2019.10.04"]
[Round "7.20"]
[White "Livaic, Leon"]
[Black "Malakhov, Vladimir"]
[Result "1/2-1/2"]
[ECO "D13"]
[WhiteElo "2495"]
[BlackElo "2662"]
[Annotator "ChessBase"]
[PlyCount "110"]
[EventDate "2019.09.28"]
[EventType "team-tourn"]
[EventCountry "CRO"]
[SourceTitle "playchess.com"]
[Source "ChessBase"]
[SourceQuality "1"]
[TimeControl "40/5400+30:1800+30"]

1. d4 d5 2. c4 c6 3. cxd5 cxd5 4. Nf3 Nc6 5. Nc3 e6 6. Bf4 Bd6 7. Bxd6 Qxd6 8. e3 Nf6 9. Bd3 O-O 10. O-O Bd7 11. Rc1 Rfc8 12. Qe2 Be8 13. Rfd1 a6 14. Bb1 Rc7 15. a3 Rac8 16. Na2 Na5 17. Rxc7 Qxc7 18. Qe1 Qb6 19. Qb4 Qxb4 20. Nxb4 Nd7 21. Nd2 f6 22. Na2 Nc4 23. Nxc4 dxc4 24. Nc3 b5 25. d5 exd5 26. Bf5 Rc5 27. Bxd7 Bxd7 28. Nxd5 Be8 29. e4 a5 30. f3 b4 31. axb4 axb4 32. Nxb4 Rb5 33. Nd5 Rxb2 34. Rc1 Bf7 35. Rxc4 Bxd5 36. exd5 Rd2 37. Rc8+ Kf7 38. Rc7+ Kf8 39. Rd7 g5 40. Rxh7 Rxd5 41. Kf2 Rd2+ 42. Kg3 Rd4 43. h3 Ra4 44. h4 gxh4+ 45. Rxh4 Ra7 46. Rb4 Kg7 47. Kf4 Kg6 48. g4 Rc7 49. Rb3 Rc6 50. Rb5 Ra6 51. Rd5 Rb6 52. Ke4 Rb4+ 53. Rd4 Rxd4+ 54. Kxd4 f5 55. gxf5+ Kxf5 1/2-1/2

[Event "28th CRO-chT 1A-Men 2019"]
[Site "Mali Losinj"]
[Date "2019.10.04"]
[Round "7.21"]
[White "Stevic, Hrvoje"]
[Black "Blazeka, Matej"]
[Result "1-0"]
[ECO "C42"]
[WhiteElo "2570"]
[BlackElo "2385"]
[Annotator "ChessBase"]
[PlyCount "75"]
[EventDate "2019.09.28"]
[EventType "team-tourn"]
[EventCountry "CRO"]
[SourceTitle "playchess.com"]
[Source "ChessBase"]
[SourceQuality "1"]
[TimeControl "40/5400+30:1800+30"]

1. e4 e5 2. Nf3 Nf6 3. Nxe5 d6 4. Nf3 Nxe4 5. Bd3 Nf6 6. O-O Be7 7. h3 O-O 8. c3 b6 9. Bc2 Bb7 10. d4 Nbd7 11. Bf4 Re8 12. Nbd2 Bf8 13. Re1 Rxe1+ 14. Qxe1 Qe7 15. Qf1 Re8 16. c4 c5 17. d5 b5 18. b3 Ne5 19. Nxe5 dxe5 20. Bg5 h6 21. Bh4 g5 22. Bg3 Bg7 23. Re1 Nd7 24. Bf5 bxc4 25. bxc4 Nb6 26. f3 Ba6 27. Bd3 f5 28. Bf2 Qf7 29. Bxc5 e4 30. fxe4 Bc3 31. Re2 Qc7 32. Nb3 Bxc4 33. Bxc4 Nxc4 34. Qxf5 Ne5 35. Rf2 a5 36. Bd4 a4 37. Bxe5 Bxe5 38. Qg6+ 1-0

[Event "28th CRO-chT 1A-Men 2019"]
[Site "Mali Losinj"]
[Date "2019.10.04"]
[Round "7.22"]
[White "Rogulj, Branko"]
[Black "Kozul, Zdenko"]
[Result "0-1"]
[ECO "B24"]
[WhiteElo "2394"]
[BlackElo "2581"]
[Annotator "ChessBase"]
[PlyCount "88"]
[EventDate "2019.09.28"]
[EventType "team-tourn"]
[EventCountry "CRO"]
[SourceTitle "playchess.com"]
[Source "ChessBase"]
[SourceQuality "1"]
[TimeControl "40/5400+30:1800+30"]

1. e4 c5 2. Nc3 e6 3. Nge2 Nc6 4. g3 Nf6 5. Bg2 Be7 6. O-O O-O 7. h3 h6 8. Kh2 d5 9. exd5 Nxd5 10. Nxd5 exd5 11. d4 cxd4 12. Nxd4 Nxd4 13. Qxd4 Be6 14. c3 Bf6 15. Qb4 a5 16. Qb5 a4 17. a3 d4 18. Bf4 dxc3 19. bxc3 Bxc3 20. Rac1 Qf6 21. Bxb7 Ra5 22. Qd3 Bb2 23. Rb1 Rd8 24. Qe2 Be5 25. Rb4 Bb3 26. Bxe5 Rxe5 27. Qf3 Rf5 28. Qe2 Rc5 29. Rf4 Qd6 30. Qa6 Qxa6 31. Bxa6 Rd2 32. Ra1 g5 33. Rf3 Bd5 34. Rf5 Rcc2 35. Kg1 Be6 36. Rf3 Bxh3 37. Bd3 Rc5 38. Re3 Be6 39. Be4 Kg7 40. Kf1 Rb2 41. Rd1 Bb3 42. Ra1 Re5 43. g4 Be6 44. f3 h5 0-1

[Event "28th CRO-chT 1A-Men 2019"]
[Site "Mali Losinj"]
[Date "2019.10.04"]
[Round "7.23"]
[White "Palac, Mladen"]
[Black "Vujakovic, Branko"]
[Result "1/2-1/2"]
[ECO "B01"]
[WhiteElo "2544"]
[BlackElo "2322"]
[Annotator "ChessBase"]
[PlyCount "82"]
[EventDate "2019.09.28"]
[EventType "team-tourn"]
[EventCountry "CRO"]
[SourceTitle "playchess.com"]
[Source "ChessBase"]
[SourceQuality "1"]
[TimeControl "40/5400+30:1800+30"]

1. e4 d5 2. exd5 Qxd5 3. Nc3 Qa5 4. d4 Nf6 5. Nf3 c6 6. Bf4 Bf5 7. Ne5 e6 8. g4 Bg6 9. h4 Nd5 10. Bd2 Nxc3 11. bxc3 Qa4 12. Qb1 b5 13. Nxg6 hxg6 14. Qb3 Qa3 15. c4 Qd6 16. c3 Be7 17. cxb5 Rxh4 18. Bg2 Rxh1+ 19. Bxh1 Nd7 20. Bxc6 Rd8 21. O-O-O Kf8 22. Rh1 Kg8 23. g5 Ne5 24. Be4 Ng4 25. f4 Nf2 26. Re1 Nxe4 27. Rxe4 a6 28. a4 axb5 29. axb5 Ra8 30. Kc2 Ra3 31. Qc4 Ra1 32. Qb3 Ra3 33. Qc4 Ra1 34. Re2 Qa3 35. Be3 Rh1 36. Kd3 Qa1 37. Qa2 Qd1+ 38. Kc4 Qf1 39. Kb3 Qd1+ 40. Kc4 Qf1 41. Kb3 Qd1+ 1/2-1/2